 Dungeon Crawl Stone Soup version 0.23-a0-837-ga3e6480 (webtiles) character file.

74 CanOfBees the Chucker (level 4, 0/72 HPs)
             Began as an Ogre Hunter on Jan 24, 2019.
             Succumbed to an adder's poison
             ... on level 2 of the Dungeon.
             The game lasted 00:02:56 (2000 turns).

CanOfBees the Chucker (Ogre Hunter)                 Turns: 2000, Time: 00:02:56

Health: 0/72       AC: 22    Str: 17    XL:     4   Next: 28%
Magic:  4/4        EV:  1    Int: 12    God:
Gold:   105        SH:  3    Dex: 14    Spells: 3/3 levels left

rFire    . . .     SeeInvis .   g - +3 whip
rCold    . . .     Gourm    .   (no shield)
rNeg     + + +     Faith    .   (armour currently unavailable)
rPois    +         Spirit   .   (helmet currently unavailable)
rElec    .         Reflect  +   (cloak currently unavailable)
rCorr    .         Harm     .   (gloves unavailable)
MR       .....     NoTele   +   (boots unavailable)
Stlth    +++.......             h - +3 amulet of reflection
HPRegen  0.22/turn              (no ring)
MPRegen  0.09/turn              (no ring)

@: agile, lethally poisoned (0 -> -1), tree-form, very slightly contaminated,
invisible (expiring)
A: large, unfitting armour
a: no special abilities


You were on level 2 of the Dungeon.
You were not hungry.
You were a tree.
You visited 1 branch of the dungeon, and saw 2 of its levels.

You collected 105 gold pieces.

Inventory:

Hand Weapons
 a - a +0 short sword
 g - a +3 whip (weapon)
 l - a +0 hand axe
Missiles
 e - 35 stones (quivered)
 j - 8 needles of paralysis
Armour
 b - a +0 robe (melded)
 k - a scarf of resistance (melded)
Jewellery
 h - a +3 amulet of reflection (around neck)
Scrolls
 i - a scroll of identify {unknown}
 m - a scroll of enchant weapon {unknown}
 q - a scroll of blinking {unknown}
Potions
 r - a potion of invisibility
Comestibles
 f - 4 rations
 o - 5 chunks of flesh


   Skills:
 + Level 3.7 Fighting
 * Level 4.9 Throwing
 + Level 2.5 Dodging
 - Level 0.6 Stealth


You had 3 spell levels left.
You didn't know any spells.
Your spell library was empty.

Dungeon Overview and Level Annotations

Branches:
Dungeon (2/15)

Altars:


Innate Abilities, Weirdness & Mutations

You are too large for most types of armour.
((You have tough skin. (AC +1)))


Message History

The adder is almost dead.
* * * LOW HITPOINT WARNING * * *
You feel sick.
The adder bites you but does no damage. x2
You hit the adder.
You kill the adder!
* * * LOW HITPOINT WARNING * * *
You feel sick.
You cannot move.
You cannot move.
You cannot move.
* * * LOW HITPOINT WARNING * * *
You feel sick.
* * * LOW HITPOINT WARNING * * *
You feel sick.
* * * LOW HITPOINT WARNING * * *
You feel sick.
* * * LOW HITPOINT WARNING * * *
You feel sick.
You flicker for a moment.
You die...

#.# #.# #># #.# #.#
##############.#
#........#.....####
#.######.#.##.....#
#.(♣...#....#.###.#
......(#####.#.#..#...#.#
....... #......#....#.#.#
....... #.##.#.#..#.#.#.#
...!... #.#.......#...#.#
.......##....#.##.#####.##
#.............÷...........
#..#.#####.###.#..........
.. ...#.).....)..


There were no monsters in sight!

Vanquished Creatures
  2 adders (D:2)
  A gnoll (D:1)
  An ooze (D:1)
  A dart slug (D:1)
  An orc (D:1)
  A ball python (D:1)
  6 bats (D:1)
  A giant cockroach (D:1)
  6 hobgoblins
  6 jackals (D:1)
  3 frilled lizards
  A goblin (D:2)
  5 kobolds (D:1)
  3 rats (D:1)
38 creatures vanquished.

Notes
Turn   | Place    | Note
-------+----------+-------------------------------------------
     0 | D:1      | CanOfBees the Ogre Hunter began the quest for the Orb.
     0 | D:1      | Reached XP level 1. HP: 22/22 MP: 1/1
    60 | D:1      | Reached XP level 2. HP: 15/29 MP: 2/2
   911 | D:1      | Reached XP level 3. HP: 36/37 MP: 3/3
  1972 | D:2      | Reached XP level 4. HP: 28/46 MP: 4/4
  1987 | D:2      | HP: 3/69 [poisoned by an adder]
  1992 | D:2      | HP: 2/72 [poisoned by an adder]
  1997 | D:2      | HP: 1/72 [poisoned by an adder]
  2000 | D:2      | Succumbed to an adder's poison

Vault maps used:
D:1:      enne_arrival_octagon_isle, minmay_door_square, minmay_hexomino_p4
D:2:      grunt_qazlal_sundering, first_ration, kennysheep_jessica_study,
          uniq_robin

Skill      XL: |  1  2 |
---------------+-------+-----
Fighting       | 3 |  3.7
Dodging        | 2 |  2.5
Throwing       | |  4.9
Stealth        | |  0.6

Action                   |  1- 3 |  4- 6 || total
-------------------------+-------+-------++-------
Melee: Short sword       |    51 |       ||    51
       Whip              |    38 |     6 ||    44
Throw: Large rock        |     7 |     2 ||     9
       Stone             |    73 |     3 ||    76
       Throwing net      |       |     2 ||     2
  Use: Potion            |       |     3 ||     3
 Stab: Invisible         |       |     1 ||     1
  Eat: Chunk             |     3 |       ||     3
Armor: Robe              |    59 |     3 ||    62
       Skin              |       |     3 ||     3
Dodge: Dodged            |   101 |     9 ||   110
Block: Other             |     1 |     1 ||     2

Table legend:
 A = Non-vault XP
 B = Vault XP
 C = Vault XP percentage of total XP
 D = Non-vault monster count
 E = Vault monster count
 F = Vault count percentage of total count
                 A         B        C        D         E       F
            +---------+---------+-------+---------+---------+-------
      Total |     101 |       5 |   4.7 |      35 |       3 |   7.9
            +---------+---------+-------+---------+---------+-------
        D:1 |      70 |       5 |   6.7 |      30 |       3 |   9.1
        D:2 |      31 |       0 |   0.0 |       5 |       0 |   0.0
            +---------+---------+-------+---------+---------+-------
